 Dungeon Crawl Stone Soup version 0.28-a0-1510-gd0f6b136d3 (webtiles) character file.

Game seed: 10201949008912156524

36 horus123 the Poker (level 3, -2/29 HPs)
             Began as a Merfolk Monk on Jan 15, 2022.
             Slain by Terence (5 damage)
             ... on level 2 of the Dungeon.
             The game lasted 00:01:28 (1409 turns).

horus123 the Poker (Merfolk Monk)                   Turns: 1409, Time: 00:01:29

Health: -2/29      AC:  2    Str: 11    XL:     3   Next: 37%
Magic:  3/3        EV: 14    Int:  9    God:
Gold:   49         SH:  0    Dex: 18    Spells: 2/2 levels left

rFire   . . .      SeeInvis .   a - +0 spear
rCold   . . .      Faith    .   (no shield)
rNeg    . . .      Spirit   .   b - +0 robe
rPois   .          Reflect  .   (no helmet)
rElec   .          Harm     .   (no cloak)
rCorr   .          Rampage  .   (no gloves)
Will    .....                   (no boots)
Stlth   ++........              (no amulet)
HPRegen 0.09/turn               (no ring)
MPRegen 0.08/turn               (no ring)

@: no status effects
A: (nimble swimmer 2), mertail
a: no special abilities


You were on level 2 of the Dungeon.
You visited 1 branch of the dungeon, and saw 2 of its levels.

You collected 49 gold pieces.

Inventory:

Hand Weapons
 a - a +0 spear (weapon)
Armour
 b - a +0 robe (worn)
Scrolls
 c - a scroll of identify
 e - 3 scrolls of amnesia
Potions
 d - a potion of attraction {unknown}
 f - a potion of invisibility {unknown}


   Skills:
 - Level 3.2 Fighting
 - Level 6.1 Polearms
 + Level 4.3 Dodging
 - Level 2.1 Stealth


You had 2 spell levels left.
You didn't know any spells.
Your spell library was empty.

Dungeon Overview and Level Annotations

Branches:
Dungeon (2/15)

Altars:

Annotations:
D:2 Terence


Innate Abilities, Weirdness & Mutations

((You are very nimble when in or above water. (Stealth+, EV+, Speed+++)))
Your lower body shifts to a powerful aquatic tail in water.


Message History

Terence hits you with a +0 hand axe!
You barely miss Terence.
Terence is heavily wounded.
Terence looks scornfully at you. Terence completely misses you.
You hit Terence but do no damage.
Terence is heavily wounded.
You hit Terence.
Terence is severely wounded.
Terence barely misses you.
You hit Terence.
Terence is severely wounded.
Terence hits you with a +0 hand axe!
* * * LOW HITPOINT WARNING * * *
You hit Terence but do no damage.
Terence is severely wounded.
Terence completely misses you.
You hit Terence but do no damage.
Terence is severely wounded.
You hit Terence but do no damage.
Terence is severely wounded.
Terence hits you with a +0 hand axe.
* * * LOW HITPOINT WARNING * * *
You hit Terence but do no damage.
Terence is severely wounded.
Terence hits you with a +0 hand axe.
* * * LOW HITPOINT WARNING * * *
Unknown command.
You closely miss Terence.
Terence is severely wounded.
Terence misses you.
You hit Terence but do no damage.
Terence is severely wounded.
Terence closely misses you.
You hit Terence.
Terence is severely wounded.
You hit Terence but do no damage.
Terence is severely wounded.
Terence hits you with a +0 hand axe.
You die...

### ## ..# ....
#.# (.##
#############.#
####...
.....$@@......#
†....#
#############.#
.....#
#############.#
.....#
#.............#
.....##
#.###########.#
......# #.# #.#
).....####.#######
#.#
)...#.##..........
..#
.#....##.#.#######
###


You could see Terence.

Vanquished Creatures
  3 dart slugs
  3 ball pythons
  7 endoplasms
  A giant cockroach (D:1)
  4 goblins (D:1)
  A hobgoblin (D:1)
  3 kobolds (D:1)
  3 bats
  2 frilled lizards (D:1)
  A rat (D:2)
28 creatures vanquished.

Notes
Turn   | Place    | Note
-------+----------+-------------------------------------------
     0 | D:1      | horus123 the Merfolk Monk began the quest for the Orb.
     0 | D:1      | Reached XP level 1. HP: 18/18 MP: 1/1
   125 | D:1      | Reached skill level 5 in Polearms
   226 | D:1      | Reached XP level 2. HP: 16/24 MP: 2/2
   856 | D:1      | Reached skill level 6 in Polearms
   856 | D:1      | Reached XP level 3. HP: 17/29 MP: 3/3
  1381 | D:2      | Noticed Terence
  1409 | D:2      | Slain by Terence

Illustrated notes

Levels and vault maps discovered:
D:1:      matt_arrival_spirals, layout_loops_ring, bh_walls_and_bars
D:2:      layout_basic, minmay_tetromino_s4, uniq_terence

Skill      XL: |  1  2 |
---------------+-------+-----
Polearms       | 5 6 |  6.1
Fighting       | |  3.2
Dodging        | |  4.3
Stealth        | |  2.1

Action                   || total
-------------------------++-------
Melee: Spear             ||    96
       Punch             ||     2
  Use: Scroll            ||     1
 Stab: Distracted        ||     1
       Sleeping          ||     8
Armor: Robe              ||     1
Dodge: Dodged            ||    26

Table legend: (Time is in decaauts)
 A = Elapsed time spent in this place.
 B = Non-inter-level travel time spent in this place.
 C = Inter-level travel time spent in this place.
 D = Time resting spent in this place.
 E = Time spent auto-exploring this place.
 F = Levels seen in this place.
 G = Mean time per level.
                   A        B        C        D        E       F      G
               +--------+--------+--------+--------+--------+-----+--------+
         Total |   1391 |   1351 |     40 |      0 |   1182 |   2 |  695.5 |
       Dungeon |   1391 |   1351 |     40 |      0 |   1182 |   2 |  695.5 |
               +--------+--------+--------+--------+--------+-----+--------+

Top non-repeatable levels by time:
     D:1: 1145 daAuts
     D:2: 246 daAuts
